 Dungeon Crawl Stone Soup version 0.24.0-13-gcf9b3192b9 (console) character file.

Game seed: 13995626074330258911, levelgen mode: deterministic

73 AlterAsc the Insei (level 4, 0/22 HPs)
             Began as a Vine Stalker Transmuter on Nov 10, 2019.
             Slain by a river rat (7 damage)
             ... in a sewer.
             The game lasted 00:04:06 (1446 turns).

AlterAsc the Insei (Vine Stalker Transmuter)        Turns: 1446, Time: 00:04:07

Health: 0/22       AC:  4    Str: 14    XL:     4   Next: 27%
Magic:  0/9        EV: 12    Int: 13    God:
Gold:   77         SH:  0    Dex: 14    Spells: 5/8 levels left

rFire    . . .     SeeInvis .     - Unarmed
rCold    . . .     Gourm    .   (no shield)
rNeg     . . .     Faith    .   m - +0 leather armour
rPois    .         Spirit   +   (no helmet)
rElec    .         Reflect  .   (no cloak)
rCorr    .         Harm     .   n - +0 pair of gloves
MR       .....                  (no boots)
Stlth    +.........             (no amulet)
HPRegen  0.47/turn              (no ring)
MPRegen  0.11/turn              (no ring)

@: very slow
A: fangs 2, regeneration 1, magic shield, antimagic bite, no potion heal 3, rot
immunity
a: no special abilities


You were in a sewer.
You were not hungry.

You visited 1 branch of the dungeon, and saw 3 of its levels.
You also visited: Sewer.

You collected 77 gold pieces.

Inventory:

Missiles
 a - 12 arrows
 k - 5 javelins (quivered)
Armour
 b - a +0 robe
 m - a +0 leather armour (worn)
 n - a +0 pair of gloves (worn)
Wands
 h - a wand of disintegration (13)
 r - a wand of digging (5)
Scrolls
 c - a scroll of fog {unknown}
 e - 3 scrolls of fear {unknown}
 f - a scroll of enchant weapon {unknown}
 g - 4 scrolls of identify {unknown}
 p - a scroll of enchant armour {unknown}
Potions
 i - a potion of flight {unknown}
 j - a potion of lignification {unknown}
 l - a potion of curing
 q - a potion of heal wounds {unknown}
Comestibles
 d - 4 rations
 o - 11 chunks of flesh


   Skills:
 + Level 1.5 Fighting
 - Level 1.6 Dodging
 * Level 3.7 Unarmed Combat
 + Level 2.7 Spellcasting
 * Level 3.0 Transmutations


You had 5 spell levels left.
You knew the following spells:

 Your Spells              Type           Power        Failure   Level  Hunger
a - Beastly Appendage     Tmut           #.....       9%          1    #......
b - Sticks to Snakes      Tmut           #.......     13%         2    ###....

Your spell library contained the following spells:

 Spells                   Type           Power        Failure   Level  Hunger
 Spider Form              Tmut/Pois      #.........   43%         3    ###....
 Ice Form                 Ice/Tmut       #.......     85%         4    #####..
 Blade Hands              Tmut           #.........   94%         5    ######.


Dungeon Overview and Level Annotations

Branches:
Dungeon (3/15)              Sewer (1/1)

Altars:
Fedhas
Qazlal


Innate Abilities, Weirdness & Mutations

You have extremely sharp teeth.
Your natural rate of healing is unusually fast.
When hurt, damage is shared between your health and your magic reserves.
Your bite disrupts and absorbs the magic of your enemies.
Potions cannot restore your health.
You are immune to rotting.


Message History

* * * LOW HITPOINT WARNING * * *
You hit the river rat.
The river rat is moderately wounded.
The rat completely misses you. The river rat closely misses you.
You hit the river rat but do no damage. Your bite misses the river rat.
The river rat is moderately wounded.
The rat bites you. The river rat barely misses you.
You hit the river rat. Your punch misses the river rat.
The river rat is severely wounded.
The rat misses you. The river rat misses you. Why would you want to do that?
Why would you want to do that? Why would you want to do that?
Why would you want to do that?
There are monsters nearby!
Why would you want to do that?
You enter the shallow water.
Moving in this stuff is going to be slow.
The rat bites you but does no damage. The river rat bites you!
You die...

#####################
##...#≈≈≈≈≈≈≈≈≈≈≈≈≈≈≈#.
#....≈≈≈≈≈≈≈≈≈≈.r≈≈≈≈..
#..∩..≈≈≈≈≈≈≈≈#@r≈≈≈≈..
#..∩..≈≈≈≈≈≈≈≈≈#≈≈≈≈≈..
#....≈≈≈≈≈≈≈≈.≈≈≈≈≈≈≈≈.
##...#≈≈≈≈≈≈≈≈≈≈≈≈≈≈≈..
######################


You could see a river rat and a rat.

Vanquished Creatures
  An adder (D:2)
  A river rat (Sewer)
  2 worms
  A dart slug (D:1)
  A leopard gecko (D:1)
  3 giant cockroaches
  5 goblins
  5 hobgoblins
  5 jackals (D:2)
  3 kobolds
  2 ball pythons
  4 bats
  2 frilled lizards
  8 rats
43 creatures vanquished.

Notes
Turn   | Place    | Note
-------+----------+-------------------------------------------
     0 | D:1      | AlterAsc the Vine Stalker Transmuter began the quest for
                  | the Orb.
     0 | D:1      | Reached XP level 1. HP: 9/9 MP: 4/4
    40 | D:1      | Reached skill level 1 in Fighting
   124 | D:1      | Reached XP level 2. HP: 10/14 MP: 4/6
   730 | D:2      | Learned a level 2 spell: Sticks to Snakes
   777 | D:2      | Reached XP level 3. HP: 18/18 MP: 7/7
   996 | D:2      | Found a blossoming altar of Fedhas.
  1002 | D:2      | Found a stormy altar of Qazlal.
  1362 | D:3      | Found a glowing drain.
  1370 | D:3      | Gained mutation: Your natural rate of healing is unusually
                  | fast. [Vine Stalker growth]
  1370 | D:3      | Reached XP level 4. HP: 14/22 MP: 8/8
  1410 | Sewer    | Entered a sewer
  1446 | Sewer    | Slain by a river rat

Levels and vault maps discovered:
D:1:      sevenhm_arrival_forest_fort_large_4, layout_rooms, minmay_liquid_box
D:2:      layout_loops_ring, grunt_temple_overflow_forces_of_nature,
          lemuel_statue_altar
D:3:      layout_loops_ring, grunt_temple_overflow_open, portal_sewer_entry_b
Sewer:    sewer_minmay_w

Skill      XL: |  1  2  3  4 |
---------------+-------------+-----
Fighting       | 1 |  1.5
Transmutations | 3 |  3.0
Dodging        | |  1.6
Unarmed Combat | |  3.7
Spellcasting   | |  2.7

Action                   |  1- 3 |  4- 6 || total
-------------------------+-------+-------++-------
Melee: Unarmed           |    74 |    32 ||   106
       Bite              |    14 |     8 ||    22
       Punch             |     2 |       ||     2
       Headbutt          |     1 |       ||     1
Throw: Javelin           |    26 |       ||    26
 Cast: Beastly Appendage |     2 |       ||     2
  Use: Potion            |     1 |       ||     1
 Stab: Sleeping          |     2 |       ||     2
  Eat: Chunk             |     1 |     1 ||     2
Armor: Robe              |    10 |       ||    10
       Leather armour    |     8 |    11 ||    19
Dodge: Dodged            |    39 |    22 ||    61
